 Dungeon Crawl Stone Soup version 0.24.0-13-gcf9b319 (webtiles) character file.

Game seed: 5225133801093484240, levelgen mode: deterministic

415 Bronimir the Slasher (level 6, -3/47 HPs)
             Began as a Barachi Skald on Apr 9, 2020.
             Slain by an orc warrior
             ... wielding a +0 hand axe
              (15 damage)
             ... on level 3 of the Dungeon.
             The game lasted 00:09:13 (4412 turns).

Bronimir the Slasher (Barachi Skald)                Turns: 4412, Time: 00:09:14

Health: -3/47      AC:  9    Str: 14    XL:     6   Next: 92%
Magic:  1/10       EV: 11    Int: 14    God:
Gold:   224        SH:  0    Dex: 11    Spells: 3/11 levels left

rFire    . . .     SeeInvis .   a - +0 falchion
rCold    . . .     Gourm    .   (no shield)
rNeg     . . .     Faith    .   k - +0 ring mail
rPois    .         Spirit   .   (no helmet)
rElec    .         Reflect  .   (no cloak)
rCorr    .         Harm     .   s - +0 pair of gloves
MR       .....                  (no boots)
Stlth    +.........             (no amulet)
HPRegen  0.15/turn              y - +3 ring of protection
MPRegen  0.12/turn              (no ring)

@: infused, can't hop, very slightly contaminated, slow
A: +LOS, swims, slowness 1, strong legs 1
a: Hop


You were on level 3 of the Dungeon.
You were hungry.

You visited 1 branch of the dungeon, and saw 4 of its levels.
You also visited: Sewer.

You collected 224 gold pieces.

Inventory:

Hand Weapons
 a - a +0 falchion (weapon)
 b - a +0 hunting sling
 g - a +3 mace
 n - a +3 hand axe of chopping
Missiles
 c - 90 stones
 j - 31 arrows
 p - 19 poisoned darts (quivered)
 q - 54 sling bullets
Armour
 k - a +0 ring mail (worn)
 s - a +0 pair of gloves (worn)
Jewellery
 y - a +3 ring of protection (left hand)
Scrolls
 f - 2 scrolls of immolation {unknown}
 h - a scroll of remove curse {unknown}
 i - a scroll of magic mapping {unknown}
 l - 4 scrolls of enchant weapon {unknown}
 v - 2 scrolls of identify {unknown}
Potions
 e - a potion of lignification
 m - 2 potions of curing
 r - a potion of invisibility {unknown}
 t - a potion of agility {unknown}
 u - a potion of berserk rage {unknown}
 x - a potion of haste {unknown}
Comestibles
 d - 4 rations


   Skills:
 + Level 3.2 Fighting
 * Level 6.0 Long Blades
 * Level 3.2 Armour
 + Level 2.7 Dodging
 * Level 3.3 Spellcasting
 * Level 4.2 Charms
 + Level 0.3 Translocations


You had 3 spell levels left.
You knew the following spells:

 Your Spells              Type           Power        Failure   Level  Hunger
a - Infusion              Chrm           ##..         7%          1    #......
b - Song of Slaying       Chrm           ##......     11%         2    ##.....
c - Shroud of Golubria    Chrm/Tloc      #.....       24%         2    ##.....
d - Spectral Weapon       Hex/Chrm       #.......     45%         3    ###....

Your spell library contained the following spells:

 Spells                   Type           Power        Failure   Level  Hunger
 Regeneration             Chrm/Necr      #.........   45%         3    ###....


Dungeon Overview and Level Annotations

Branches:
Dungeon (4/15)              Sewer (visited)
 Temple: D:4-7

Altars:
Uskayaw


Innate Abilities, Weirdness & Mutations

Shadows flee at your approach. (+LOS)
You can swim through water.
You cover ground slowly.
You can hop short distances.


Message History

The orc warrior hits you with a +0 hand axe.
You climb upwards.
There is a stone staircase leading down, spattered with blood here.
Casting: Spectral Weapon (slightly dangerous; 45% risk of failure)
Confirm with . or Enter, or press ? or * to list all spells.
You begin infusing your attacks with magical energy.
The orc warrior hits you with a +0 hand axe!
Casting: Infusion (safe; 7% risk of failure)
Confirm with . or Enter, or press ? or * to list all spells.
You don't know that spell.
Casting: Infusion (safe; 7% risk of failure)
Confirm with . or Enter, or press ? or * to list all spells.
You miscast Spectral Weapon.
Strange energies run through your body.
You are feeling hungry.
The orc warrior hits you with a +0 hand axe!
* * * LOW HITPOINT WARNING * * *
Unknown command.
You hit the orc warrior but do no damage.
The orc warrior hits you with a +0 hand axe!
You die...

##.....#.....###..
##.............###.
#..................
#..................
#..................
#..................
#..................
#).o....)..........
##@.[.............#
##.....#.>....####
###########...###
##....# #....#
#######...
#.........
#.........
#........#


You could see an orc warrior.

Vanquished Creatures
  An ogre (D:2)
  A crocodile (Sewer)
  A howler monkey (D:2)
  An orc wizard (D:4)
  A worker ant (D:4)
  6 adders
  An ooze (D:3)
  7 worms
  A dart slug (D:1)
  8 leopard geckos
  4 orcs
  2 ball pythons
  4 giant cockroaches
  2 goblins (D:1)
  13 hobgoblins
  3 jackals
  A quokka (D:3)
  11 bats
  5 frilled lizards
  2 kobolds (D:3)
  7 rats
82 creatures vanquished.

Vanquished Creatures (others)
  2 spectral weapons
2 creatures vanquished.

Grand Total: 84 creatures vanquished

Notes
Turn   | Place    | Note
-------+----------+-------------------------------------------
     0 | D:1      | Bronimir the Barachi Skald began the quest for the Orb.
     0 | D:1      | Reached XP level 1. HP: 17/17 MP: 3/3
   265 | D:1      | Reached XP level 2. HP: 23/23 MP: 5/5
   431 | D:1      | Reached skill level 3 in Long Blades
   787 | D:1      | Reached XP level 3. HP: 17/28 MP: 6/6
  1298 | D:2      | Noticed an ogre
  1299 | D:2      | Reached XP level 4. HP: 25/34 MP: 1/7
  1533 | D:1      | Learned a level 2 spell: Song of Slaying
  1536 | D:1      | Learned a level 2 spell: Shroud of Golubria
  1540 | D:1      | Learned a level 3 spell: Spectral Weapon
  1550 | D:2      | Killed an ogre
  1550 | D:2      | Reached skill level 4 in Long Blades
  1550 | D:2      | Reached XP level 5. HP: 15/39 MP: 0/9
  2002 | D:2      | Found a hide-covered altar of Uskayaw.
  2741 | D:3      | Reached skill level 5 in Long Blades
  2741 | D:3      | Reached XP level 6. HP: 47/47 MP: 1/10
  3097 | D:3      | Found a glowing drain.
  3113 | Sewer    | Entered a sewer
  4168 | D:4      | Reached skill level 6 in Long Blades
  4379 | D:4      | Noticed an orc warrior
  4412 | D:3      | Slain by an orc warrior

Levels and vault maps discovered:
D:1:      psy_arrival_spokes, layout_basic, minmay_vboxes
D:2:      layout_basic, lemuel_doored_altar
D:3:      layout_rooms, portal_sewer_entry_f
D:4:      layout_rooms, first_ration

Skill      XL: |  1  2  3  4  5  6 |
---------------+-------------------+-----
Long Blades    | 3 4 5 6 |  6.0
Armour         | 2 3 |  3.2
Charms         | 4 |  4.2
Fighting       | 3 |  3.2
Spellcasting   | 3 |  3.3
Dodging        | |  2.7
Translocations | |  0.3

Action                   |  1- 3 |  4- 6 || total
-------------------------+-------+-------++-------
Melee: Falchion          |    67 |   188 ||   255
 Cast: Infusion          |     8 |    24 ||    32
       Shroud of Golubri |       |    15 ||    15
       Spectral Weapon   |       |     3 ||     3
 Abil: Hop               |       |     3 ||     3
  Use: Potion            |       |     3 ||     3
  Eat: Chunk             |     2 |    12 ||    14
Armor: Leather armour    |    20 |    33 ||    53
       Skin              |       |    16 ||    16
       Ring mail         |       |    20 ||    20
Dodge: Dodged            |    52 |   129 ||   181
       Rpst.: Falchion   |    14 |    40 ||    54
